 Dungeon Crawl Stone Soup version 0.20-a0-386-g2d247ea (webtiles) character file.

42 MirrMurr the Skirmisher (level 3, -20/24 HPs)
             Began as a Gargoyle Berserker on Dec 29, 2016.
             Was a Follower of Trog.
             Killed from afar by a goblin (42 damage)
             ... with an exploding inner flame
             ... led by Robin
             ... hexed by the player character
             ... on level 2 of the Dungeon.
             The game lasted 00:03:15 (1502 turns).

MirrMurr the Skirmisher (Gargoyle Berserker)        Turns: 1502, Time: 00:03:15

Health: -20/24     AC:  9    Str: 20    XL:     3   Next: 54%
Magic:  3/3        EV: 10    Int:  7    God:    Trog [*.....]
Gold:   39         SH:  0    Dex: 10    Spells: 2/2 levels left

rFire  . . .     SeeInvis .     a - +0 mace
rCold  . . .     Gourm    .     h - +0 scale mail
rNeg   + . .     Faith    .     (no shield)
rPois  ∞         Spirit   .     (no helmet)
rElec  +         Reflect  .     (no cloak)
rCorr  .         Harm     .     (no gloves)
MR     .....                    (no boots)
Stlth  ..........               (no amulet)
                                (no ring)
                                (no ring)

@: no status effects
A: negative energy resistance 1, electricity resistance, unbreathing,
petrification resistance, rot immunity, AC +3
a: Berserk, Burn Spellbooks, Renounce Religion


You were on level 2 of the Dungeon.
You worshipped Trog.
Trog was aware of your devotion.
You were not hungry.

You visited 1 branch of the dungeon, and saw 2 of its levels.

You collected 39 gold pieces.

Inventory:

Hand Weapons
 a - a +0 mace (weapon)
Missiles
 g - 97 stones (quivered)
Armour
 h - a +0 scale mail (worn)
Jewellery
 j - an uncursed amulet of guardian spirit {unknown}
 m - an uncursed amulet of harm {unknown}
Scrolls
 b - a scroll of immolation
 f - a scroll of identify {unknown}
 i - a scroll of magic mapping {unknown}
Potions
 d - a potion of magic {unknown}
 e - a potion of flight {unknown}
 k - a potion of invisibility {unknown}
 l - a potion of curing {unknown}
 n - a potion of lignification {unknown}
Comestibles
 c - a bread ration
 o - a meat ration


   Skills:
 + Level 3.7 Fighting
 * Level 3.6 Maces & Flails
 + Level 0.1 Throwing
 + Level 2.5 Armour
 + Level 1.9 Dodging


You had 2 spell levels left.
You didn't know any spells.

Dungeon Overview and Level Annotations

Branches:
Dungeon (2/15)

Altars:
Nemelex Xobeh

Annotations:
D:2 Natasha, Robin


Innate Abilities, Weirdness & Mutations

You are resistant to torment.
Your stone body is resilient. (AC +3)
You are immune to poison.
You resist negative energy. (rN+)
You are resistant to electric shocks. (rElec)
You can survive without breathing.
You are immune to petrification.
You are immune to rotting.


Message History

As you read the scroll labeled PERAOR KAKIPP, it crumbles to dust.
The creatures around you are filled with an inner flame!
It was a scroll of immolation.
The goblin shouts!
The goblin hits you but does no damage. x2; The goblin closely misses you.
The hobgoblin hits you but does no damage.
The goblin hits you but does no damage.
Unknown command.
You hit the goblin.
The goblin is moderately wounded.
The goblin hits you but does no damage. The goblin barely misses you.
The goblin hits you but does no damage. The hobgoblin closely misses you.
The goblin barely misses you. x2; The goblin hits you but does no damage.
A goblin comes into view. It is wielding a dagger.
The goblin shouts!
You sock the goblin!
The goblin explodes!
The fiery explosion engulfs you!
Ouch! That really hurt!
You die...

#.......<#####
#...........)...
####..........#....
#.................
###........###..## #.
#_##.......##.g..##...
###.###..###......g..##.
#.##..##...§g#g........g
#..##.####.§§@gg.g(.g...
###.#.###..§##g..g...(..
###.##...####.......###
##.##.#.### #.........#
#.#.#.#.# #.......#..
#.##..#.# #.......# #
##.####.# #.......#
##.##..# #.......#
#....##


You could see Robin (inner flame), 3 hobgoblins and 6 goblins.

Vanquished Creatures
  2 worms
  A leopard gecko (D:1)
  2 ball pythons (D:1)
  3 giant cockroaches (D:1)
  5 goblins
  8 hobgoblins
  2 bats (D:1)
  A frilled lizard (D:1)
  4 kobolds (D:1)
  3 rats
31 creatures vanquished.

Notes
Turn   | Place    | Note
-------+----------+-------------------------------------------
     0 | D:1      | MirrMurr the Gargoyle Berserker began the quest for the Orb.
     0 | D:1      | Reached XP level 1. HP: 14/14 MP: 1/1
   167 | D:1      | Reached XP level 2. HP: 14/19 MP: 2/2
   716 | D:1      | Reached XP level 3. HP: 22/23 MP: 3/3
  1069 | D:2      | Noticed Natasha
  1425 | D:2      | Found a sparkling altar of Nemelex Xobeh.
  1498 | D:2      | Noticed Robin
  1502 | D:2      | Killed from afar by a goblin

Vault maps used:
D:1:      dpeg_arrival_shelter, serial_forest, infiniplex_forest_clump_large,
          infiniplex_forest_pool, infiniplex_forest_lined_2,
          infiniplex_forest_straight_2, infiniplex_forest_clump_medium,
          infiniplex_forest_clump_medium, infiniplex_forest_lined_2,
          infiniplex_forest_lined_2, minmay_tromino_v2
D:2:      marbit_many_paths, first_bread, uniq_natasha, uniq_robin

Action                   || total
-------------------------++-------
Melee: Mace              ||   101
Throw: Stone             ||    29
  Use: Scroll            ||     1
  Eat: Chunk             ||     2
Armor: Animal skin       ||     7
       Leather armour    ||     5
       Scale mail        ||    44
Dodge: Dodged            ||    61
